 Dungeon Crawl Stone Soup version 0.28-a0-1395-g4f6bc678fa (webtiles) character file.

Game seed: 3325691440810385359

1706 Deminshera the Covert (level 9, 0/67 (71) HPs)
             Began as a Human Wanderer on Jan 4, 2022.
             Was a Follower of Uskayaw.
             Slain by a wight (7 damage)
             ... on level 6 of the Dungeon.
             The game lasted 00:09:29 (8270 turns).

Deminshera the Covert (Human Wanderer)              Turns: 8270, Time: 00:09:30

HP:   0/67 (71)     AC: 10    Str: 12    XL:     9   Next: 23%
MP:   9/9           EV: 12    Int: 11    God:    Uskayaw [*.....]
Gold: 275           SH:  0    Dex: 19    Spells: 8/8 levels left

rFire   . . .      SeeInvis +   k - +5 dagger
rCold   . . .      Faith    .   (no shield)
rNeg    . . .      Spirit   .   h - +1 ring mail
rPois   +          Reflect  .   (no helmet)
rElec   .          Harm     .   (no cloak)
rCorr   .          Rampage  .   (no gloves)
Will    .....                   (no boots)
Stlth   ++++......              (no amulet)
HPRegen 0.21/turn               w - ring of see invisible
MPRegen 0.11/turn               y - +4 ring of protection

@: drained
A: sense surroundings 1, poison resistance
a: Renounce Religion, Stomp


You were on level 6 of the Dungeon.
You worshipped Uskayaw.
Uskayaw was noncommittal.
You visited 2 branches of the dungeon, and saw 8 of its levels.
You also visited: Sewer.

You collected 275 gold pieces.

Inventory:

Hand Weapons
 c - a +0 shortbow
 k - a +5 dagger (weapon)
Missiles
 d - 91 arrows
 e - 45 poisoned darts (quivered)
 x - 2 curare-tipped darts
Armour
 g - a +0 leather armour
 h - a +1 ring mail (worn)
 v - the +11 chain mail of Woefedwi {Int+3 SInv}
   (You found it on level 4 of the Dungeon)

   Int:       It affects your intelligence (+3).
   SInv:      It lets you see invisible.
 B - a scarf of harm
 G - an orb of light
Jewellery
 w - a ring of see invisible (left hand)
 y - a +4 ring of protection (right hand)
Wands
 j - a wand of iceblast (10)
Scrolls
 a - a scroll of immolation {unknown}
 b - a scroll of blinking
 f - 2 scrolls of fog {unknown}
 i - a scroll of torment {unknown}
 l - 2 scrolls of magic mapping
 o - a scroll of fear
 q - 2 scrolls of vulnerability
 r - a scroll of noise {unknown}
 s - a scroll of enchant weapon {unknown}
 t - 5 scrolls of enchant armour
 u - 4 scrolls of teleportation {unknown}
 z - a scroll of amnesia {unknown}
 I - a scroll of silence {unknown}
Potions
 m - 3 potions of degeneration
 n - a potion of berserk rage {unknown}
 p - 3 potions of brilliance
 A - 2 potions of invisibility {unknown}
 C - a potion of curing {unknown}
 D - 3 potions of heal wounds {unknown}
 E - a potion of magic {unknown}
 F - 3 potions of mutation
 H - a potion of experience {unknown}
 J - 3 potions of might {unknown}


   Skills:
 + Level 6.5 Fighting
 - Level 4.0 Short Blades
 - Level 1.0 Bows
 - Level 1.0 Throwing
 - Level 1.0 Armour
 + Level 4.6 Dodging
 + Level 8.5 Stealth
 + Level 1.1 Invocations
 - Level 1.0 Evocations


You had 8 spell levels left.
You didn't know any spells.
Your spell library contained the following spells:

 Spells                   Type           Power      Damage    Failure   Level
 Stone Arrow              Conj/Erth      0%         3d7       94%         3
 Animate Armour           Summ/Erth      0%         N/A       100%        4
 Lehudib's Crystal Spear  Conj/Erth      0%         10d2      100%        8


Dungeon Overview and Level Annotations

Branches:
Dungeon (7/15)             Temple (1/1) D:4           Sewer (visited)

Altars:
Cheibriados
Dithmenos
Elyvilon
Fedhas
Gozag
Hepliaklqana
Kikubaaqudgha
Makhleb
Nemelex Xobeh
Okawaru
Qazlal
Ru
Trog
Uskayaw
Wu Jian
Xom
Zin
The Shining One

Shops:
D:3 *


Innate Abilities, Weirdness & Mutations

You passively map a small area around you.
Your system is resistant to poisons. (rPois)


Message History

The helpless water moccasin fails to defend itself.
You stick the water moccasin like a pincushion!!!
You kill the water moccasin!
Your Invocations skill increases to level 1!
There is a stone staircase leading down here.
You now have 275 gold pieces (gained 16).
Found a stone staircase leading up.
No target in view!
No target in view!
Found a runed trident.
No target in view!
No target in view!
A wight comes into view.
It is wielding a +4 great sword of freezing.
You see here a +3 trident. 4 wights come into view.
The wight misses you.
You hit the wight but do no damage.
The wight hits you with a +4 great sword of freezing!
The wight freezes you.
The wight hits you with a +4 great sword of freezing!
You feel drained. The wight freezes you.
You see here a +3 trident.
There is a stone staircase leading up here.
The wight hits you with a +4 great sword of freezing.
The wight freezes you.
You climb upwards.
There is a stone staircase leading down here.
You closely miss the wight. You barely miss the wight.
The wight hits you with a +4 great sword of freezing.
The wight freezes you.
You closely miss the wight. The wight closely misses you.
You hit the wight.
The wight is lightly damaged.
The wight hits you with a +4 great sword of freezing!
* * * LOW HITPOINT WARNING * * *
You feel drained.
* * * LOW HITPOINT WARNING * * *
The wight freezes you!
You die...

##### #...# #...#
####################...###
#.......z@.........)...'..
#####.##################...##.
#......#################...##.
#....>...(.............'...##.
#...........[.......####...###
#...................# ###.##
#...................# #..#
#...................#######.##
#...................'.........


You could see a wight.

Vanquished Creatures
  Sigmund (D:3)
  A wraith (D:5)
  2 water moccasins
  A sky beast (D:6)
  2 ogres
  A phantom (D:5)
  2 kobold brigands (Sewer)
  A bullfrog (D:6)
  2 scorpions (D:4)
  3 wights (D:6)
  A gnoll shaman (D:5)
  2 hounds
  An iguana (D:3)
  3 orc wizards
  A hound skeleton (D:5)
  3 gnolls (D:5)
  A river rat (D:6)
  8 adders
  A white imp (D:6)
  A worm (D:5)
  4 orcs
  5 bats
  9 endoplasms
  A giant cockroach (D:1)
  6 goblins
  5 hobgoblins
  2 jackals (D:5)
  14 kobolds
  3 quokkas (D:6)
  9 ball pythons
  2 frilled lizards
  5 rats
103 creatures vanquished.

Vanquished Creatures (others)
  4 plants (Sewer)
4 creatures vanquished.

Grand Total: 107 creatures vanquished

Notes
Turn   | Place    | Note
-------+----------+-------------------------------------------
     0 | D:1      | Deminshera the Human Wanderer began the quest for the Orb.
     0 | D:1      | Deminshera set off with the following items: a +2 dagger, a
                  | scroll of blinking, a +0 shortbow, 26 arrows, 12 poisoned
                  | darts, a +0 dagger, a +0 leather armour
     0 | D:1      | Reached XP level 1. HP: 15/15 MP: 1/1
   460 | D:1      | Found a faded altar of an unknown god.
   503 | D:1      | Reached XP level 2. HP: 21/21 MP: 2/2
  1035 | D:2      | Reached skill level 1 in Short Blades
  1035 | D:2      | Reached skill level 1 in Dodging
  1133 | D:2      | Found a shadowy altar of Dithmenos.
  1188 | D:2      | Reached XP level 3. HP: 27/27 MP: 3/3
  1496 | D:3      | Noticed Sigmund
  1640 | D:3      | Killed Sigmund
  1641 | D:3      | Reached XP level 4. HP: 20/35 MP: 4/4
  1641 | D:3      | Reached XP level 5. HP: 24/41 MP: 5/5
  2085 | D:3      | Reached XP level 6. HP: 47/47 MP: 6/6
  2416 | D:3      | Found Irpheing's General Store.
  2482 | D:4      | Identified the +11 chain mail of Woefedwi {Int+3 SInv}
  2628 | D:4      | Found a staircase to the Ecumenical Temple.
  2636 | D:4      | Noticed an ogre
  2637 | Temple   | Entered the Ecumenical Temple
  2956 | Temple   | Became a worshipper of Uskayaw the Reveller
  3043 | D:3      | Reached * piety under Uskayaw
  3048 | D:3      | Reached ** piety under Uskayaw
  3052 | D:3      | Reached skill level 6 in Stealth
  4048 | D:3      | Found Irpheing's General Store.
  4188 | D:3      | Killed an ogre
  4189 | D:3      | Reached XP level 7. HP: 9/53 MP: 7/7
  5374 | D:5      | Entered Level 5 of the Dungeon
  5407 | D:5      | Reached *** piety under Uskayaw
  5410 | D:5      | Reached **** piety under Uskayaw
  5462 | D:5      | Noticed a wraith
  5466 | D:5      | Killed a wraith
  5467 | D:5      | Reached skill level 7 in Stealth
  5530 | D:5      | Reached XP level 8. HP: 47/61 MP: 8/8
  5839 | D:5      | Reached skill level 5 in Fighting
  6418 | D:6      | Found a glowing drain.
  6425 | Sewer    | Entered a sewer
  7072 | Sewer    | Gained mutation: You are agile. (Dex +2) [potion of
                  | mutation]
  7072 | Sewer    | Lost mutation: You are agile. (Dex +2) [potion of mutation]
  7072 | Sewer    | Gained mutation: You are clumsy. (Dex -2) [potion of
                  | mutation]
  7072 | Sewer    | Gained mutation: You are resistant to electric shocks.
                  | (rElec) [potion of mutation]
  7073 | Sewer    | Lost mutation: You are clumsy. (Dex -2) [potion of
                  | mutation]
  7073 | Sewer    | Lost mutation: You are resistant to electric shocks.
                  | (rElec) [potion of mutation]
  7073 | Sewer    | Gained mutation: Your system is resistant to poisons.
                  | (rPois) [potion of mutation]
  7073 | Sewer    | Gained mutation: You passively map a small area around you.
                  | [potion of mutation]
  7479 | D:6      | Reached skill level 8 in Stealth
  7614 | D:6      | Reached XP level 9. HP: 69/69 MP: 9/9
  8185 | D:7      | Reached skill level 1 in Invocations
  8270 | D:6      | Slain by a wight

Illustrated notes

Levels and vault maps discovered:
D:1:      amcnicky_arrival_gap_in_the_tavern_cellar, layout_basic,
          dilly_ecumenical_altar_fadedgnrine
D:2:      layout_rooms, basic_altar
D:3:      layout_basic, serial_shops, nicolae_shop_crystal, uniq_sigmund
D:4:      layout_rooms, minmay_temple_entry_large_hall
D:5:      layout_loops_cross
D:6:      layout_basic, gup_sewer_entry_bubbles, chequers_jeans
D:7:      kennysheep_spiral_hall, layout_loops_ring, dk_vineyard_2, uniq_pikel
Temple:   dpeg_five_rooms_temple

Skill      XL: |  1  2  3  4  5  6  7  8  9 |
---------------+----------------------------+-----
Short Blades   | 1 2 3 4 |  4.0
Dodging        | 1 2 4 |  4.6
Fighting       | 3 4 6 |  6.5
Stealth        | 6 7 8 |  8.5
Invocations    | 1 |  1.1
Bows           | |  1.0
Throwing       | |  1.0
Armour         | |  1.0
Evocations     | |  1.0

Action                   |  1- 3 |  4- 6 |  7- 9 || total
-------------------------+-------+-------+-------++-------
Melee: Dagger            |    28 |    63 |   295 ||   386
 Fire: Shortbow          |    20 |       |       ||    20
Throw: Dart              |    12 |     3 |       ||    15
  Use: Scroll            |       |       |     7 ||     7
       Potion            |       |       |     2 ||     2
 Stab: Sleeping          |     5 |    10 |     9 ||    24
       Paralysed         |       |       |     7 ||     7
Armor: Ring mail         |    10 |    14 |    63 ||    87
       Leather armour    |     4 |       |       ||     4
       Chain mail        |       |       |    69 ||    69
Dodge: Dodged            |    16 |    26 |    97 ||   139

Table legend: (Time is in decaauts)
 A = Elapsed time spent in this place.
 B = Non-inter-level travel time spent in this place.
 C = Inter-level travel time spent in this place.
 D = Time resting spent in this place.
 E = Time spent auto-exploring this place.
 F = Levels seen in this place.
 G = Mean time per level.
                   A        B        C        D        E       F      G
               +--------+--------+--------+--------+--------+-----+--------+
         Total |   8266 |   7795 |    471 |   2069 |   4581 |   9 |  918.4 |
       Dungeon |   7227 |   6856 |    371 |   1822 |   4028 |   7 | 1032.4 |
        Temple |    368 |    268 |    100 |      0 |    254 |   1 |  368.0 |
         Sewer |    669 |    669 |      0 |    247 |    299 |   1 |  669.0 |
               +--------+--------+--------+--------+--------+-----+--------+

Top non-repeatable levels by time:
     D:3: 2555 daAuts
     D:6: 1195 daAuts
     D:1: 1016 daAuts
     D:4: 1000 daAuts
     D:5: 824 daAuts
   Sewer: 669 daAuts
     D:2: 538 daAuts
  Temple: 368 daAuts
     D:7: 97 daAuts
